 Dungeon Crawl Stone Soup version 0.29-a0-284-gf9362112df (webtiles) character file.

Game seed: 3914754305456272232

2587 yunder69 the Cleaver (level 9, -5/74 HPs)
             Began as a Gnoll Berserker on Mar 21, 2022.
             Was a Believer of Trog.
             Slain by a spriggan
             ... wielding the +1 spear of Bequeathed Defence {distort, Str+2 Int+4}
              (20 damage)
             ... on level 8 of the Dungeon.
             The game lasted 00:27:44 (8395 turns).

yunder69 the Cleaver (Gnoll Berserker)              Turns: 8395, Time: 00:27:45

Health: -5/74      AC: 12    Str: 20    XL:     9   Next: 58%
Magic:  15/15      EV: 12    Int:  7    God:    Trog [**....]
Gold:   287        SH:  0    Dex: 12    Spells: 16/16 levels left

rFire   . . .      SeeInvis .   v - +0 war axe
rCold   . . .      Faith    .   c - orb {mayhem}
rNeg    . . .      Spirit   .   o - +2 scale mail {Will+}
rPois   .          Reflect  .   g - +0 hat
rElec   .          Harm     .   (no cloak)
rCorr   .          Rampage  .   n - +0 pair of gloves
Will    +....                   b - +0 pair of boots
Stlth   +.........              (no amulet)
HPRegen 0.22/turn               (no ring)
MPRegen 0.14/turn               (no ring)

@: no status effects
A: fangs 1, strong nose, distributed training
a: Renounce Religion, Berserk, Trog's Hand


You were on level 8 of the Dungeon.
You worshipped Trog.
Trog was pleased with you.
You visited 1 branch of the dungeon, and saw 7 of its levels.

You collected 287 gold pieces.

Inventory:

Hand Weapons
 a - a +0 giant spiked club
 h - a +0 trident
 p - a +0 battleaxe
 t - a +0 rapier
 u - a +1 scythe of protection
 v - a +0 war axe (weapon)
 w - a +1 trident of venom
 z - a +0 shortbow
Missiles
 d - 3 boomerangs
 l - 132 stones (quivered)
 x - 10 poisoned darts
 B - 4 large rocks
 C - 6 atropa-tipped darts
Armour
 b - a +0 pair of boots (worn)
 c - an orb of mayhem (worn)
 g - a +0 hat (worn)
 k - the +0 buckler of Dogmatism {Rampage rC+}
   (You found it on level 2 of the Dungeon)

   rC:        It protects you from cold.
   Rampage:   It bestows one free step when moving towards enemies.
 n - a +0 pair of gloves (worn)
 o - a +2 scale mail of willpower (worn)
 s - the +3 ring mail of Uxiot {Str+4}
   (You found it on level 3 of the Dungeon)

   Str:       It affects your strength (+4).
 y - +0 acid dragon scales
Jewellery
 A - a +4 ring of evasion
Wands
 D - a wand of paralysis (3)
 F - a wand of polymorph (3)
Scrolls
 e - 6 scrolls of identify
 f - a scroll of teleportation
 m - a scroll of vulnerability
 E - a scroll of fear {unknown}
Potions
 i - 2 potions of brilliance
 j - a potion of haste {unknown}
 q - a potion of flight {unknown}
 r - 4 potions of mutation


   Skills:
 + Level 8.0 Fighting
 + Level 4.4 Short Blades
 + Level 4.4 Long Blades
 + Level 8.0 Axes
 + Level 4.4 Maces & Flails
 + Level 4.4 Polearms
 + Level 4.4 Staves
 + Level 4.4 Slings
 + Level 4.4 Bows
 + Level 4.4 Crossbows
 + Level 4.4 Throwing
 + Level 6.4 Armour
 + Level 6.4 Dodging
 + Level 4.4 Stealth
 + Level 4.4 Shields
 + Level 4.4 Unarmed Combat
 + Level 4.4 Spellcasting
 + Level 3.6 Conjurations
 + Level 3.6 Hexes
 + Level 3.6 Summonings
 + Level 3.6 Necromancy
 + Level 3.6 Translocations
 + Level 3.6 Transmutations
 + Level 3.6 Fire Magic
 + Level 3.6 Ice Magic
 + Level 3.6 Air Magic
 + Level 3.6 Earth Magic
 + Level 3.6 Poison Magic
 + Level 4.8 Invocations
 + Level 4.4 Evocations


You had 16 spell levels left.
You didn't know any spells.
Your spell library contained the following spells:

 Spells                   Type           Power      Damage    Failure   Level
 Animate Skeleton         Necr           12%        N/A       19%         1
 Pain                     Necr           24%        1d5       19%         1
 Ensorcelled Hibernation  Hex/Ice        12%        N/A       26%         2
 Passwall                 Tmut/Erth      5%         N/A       26%         2
 Swiftness                Air            6%         N/A       47%         3
 Vampiric Draining        Necr           6%         2d6       47%         3


Dungeon Overview and Level Annotations

Branches:
Dungeon (9/15)               Lair (0/6) D:9
 Temple: D:4-7          Orc: D:9-12

Altars:
Ashenzari
Cheibriados
Makhleb
Nemelex Xobeh
Okawaru
Uskayaw
The Shining One

Annotations:
D:8 snackwell's ghost, novice BaMo


Innate Abilities, Weirdness & Mutations

You have very sharp teeth.
Your uncanny sense of smell can sniff out nearby items.
Your experience applies equally to all skills.


Message History

You enter the shallow water.
Moving in this stuff is going to be slow.
You enter the shallow water.
Moving in this stuff is going to be slow.
You enter the shallow water.
Moving in this stuff is going to be slow.
You enter the shallow water.
Moving in this stuff is going to be slow.
You enter the shallow water.
Moving in this stuff is going to be slow.
Things that are here:
a +0 robe; a +0 dagger You see here a +0 club.
The spriggan shouts!
The spriggan shouts!
The polar bear growls angrily.
There is a dry fountain here.
Could not explore, unopened runed door.
No reachable target in view!
No reachable target in view!
Throw: 132 stones
Press: ? - help, Q - select action, (/) - cycle Shift-Dir - straight line, f - polar bear
Aim: a polar bear (fire blocked by a runed translucent door, 71% to hit)
There's something in the way.
Okay, then.
You open the door.
The spriggan hits you from afar with the +1 spear of Bequeathed Defence {distort, Str+2 Int+4}!
Space warps horribly around you!
The spriggan hits you from afar with a +0 trident!
Throw: 132 stones
Press: ? - help, Q - select action, (/) - cycle Shift-Dir - straight line, f/p - polar bear
Aim: a polar bear (fire blocked by a translucent stone wall, 71% to hit)
Okay, then.
The spriggan closely misses you.
The spriggan hits you from afar with the +1 spear of Bequeathed Defence {distort, Str+2 Int+4}.
Space warps horribly around you!
* * * LOW HITPOINT WARNING * * *
The spriggan hits you from afar with the +1 spear of Bequeathed Defence {distort, Str+2 Int+4}!
* * * LOW HITPOINT WARNING * * *
Space warps horribly around you!!
You die...

≈[.###.#######.#####.###.###
#. ≈[.....# #.#
##.#.########. ≈[##.### #.#
##........##. ≈≈##.#
####.#### ########.##.
≈.##.# #..[.)..# ###.##.
≈..#.# #.......# #...##.
≈....# #.......# #.#.#..
≈.##.# #.......# #...##.
≈≈##.# #.....@.#♣♣♣ ##.####
≈....# #.......#.W♣ #.# #
.##### #.....ii##♣ #.# ≈≈##
#.####..⌠#♣ . #.# ≈≈≈## #.#
#...#♣♣ .♣ #.# ≈≈≈≈#≈#####.#
#...h.♣!♣ #.# ≈≈≈≈≈≈##....#
##..#..$♣.♣##.##
#############
#.⌠#..h..♣#.#.# #.#
#.##.♣♣.♣♣##.##


You could see a polar bear, a black bear (wandering) and 2 spriggans.

Vanquished Creatures
  Sigmund (D:5)
  A wyvern (D:8)
  4 yaks (D:8)
  An acid dragon (D:8)
  2 water moccasins
  An orc warrior (D:8)
  2 ogres (D:5)
  2 centaurs (D:8)
  A gnoll sergeant (D:4)
  A scorpion (D:4)
  A necrophage (D:5)
  A bullfrog (D:4)
  2 killer bees (D:8)
  2 hounds (D:4)
  2 orc priests (D:8)
  Terence (D:3)
  3 iguanas
  Ijyb (D:4)
  An orc wizard (D:8)
  A mummy (D:5)
  10 gnolls
  9 adders
  A shadow imp (D:8)
  A white imp (D:8)
  3 worms
  A dart slug (D:3)
  9 orcs
  10 ball pythons
  5 endoplasms
  2 giant cockroaches
  3 goblins
  5 hobgoblins
  3 jackals (D:1)
  7 kobolds
  2 quokkas (D:1)
  2 training dummies (D:4)
  3 bats
  5 frilled lizards
  5 rats
117 creatures vanquished.

Vanquished Creatures (collateral kills)
  2 killer bees (D:8)
2 creatures vanquished.

Vanquished Creatures (others)
  A killer bee (D:8)
  4 fungi
  8 plants
13 creatures vanquished.

Grand Total: 132 creatures vanquished

Notes
Turn   | Place    | Note
-------+----------+-------------------------------------------
     0 | D:1      | yunder69 the Gnoll Berserker began the quest for the Orb.
     0 | D:1      | Reached XP level 1. HP: 23/23 MP: 1/1
   215 | D:1      | Reached XP level 2. HP: 29/29 MP: 2/2
   848 | D:1      | Reached XP level 3. HP: 32/35 MP: 3/3
  1463 | D:1      | Found a faded altar of an unknown god.
  2182 | D:2      | Reached skill level 1 in Invocations
  2307 | D:2      | Found a sparkling altar of Nemelex Xobeh.
  2740 | D:2      | Identified the +0 buckler of Dogmatism {Rampage rC+}
  2900 | D:3      | Reached skill level 1 in Short Blades
  2900 | D:3      | Reached skill level 1 in Long Blades
  2900 | D:3      | Reached skill level 1 in Maces & Flails
  2900 | D:3      | Reached skill level 1 in Polearms
  2900 | D:3      | Reached skill level 1 in Staves
  2900 | D:3      | Reached skill level 1 in Slings
  2900 | D:3      | Reached skill level 1 in Bows
  2900 | D:3      | Reached skill level 1 in Crossbows
  2900 | D:3      | Reached skill level 1 in Throwing
  2900 | D:3      | Reached skill level 1 in Stealth
  2900 | D:3      | Reached skill level 1 in Shields
  2900 | D:3      | Reached skill level 1 in Unarmed Combat
  2900 | D:3      | Reached skill level 1 in Spellcasting
  2900 | D:3      | Reached skill level 1 in Evocations
  2902 | D:3      | Reached XP level 4. HP: 41/41 MP: 5/5
  2910 | D:3      | Found a broken altar of Ashenzari.
  3002 | D:3      | Noticed Terence
  3010 | D:3      | Killed Terence
  3011 | D:3      | Reached skill level 1 in Conjurations
  3011 | D:3      | Reached skill level 1 in Hexes
  3011 | D:3      | Reached skill level 1 in Summonings
  3011 | D:3      | Reached skill level 1 in Necromancy
  3011 | D:3      | Reached skill level 1 in Translocations
  3011 | D:3      | Reached skill level 1 in Transmutations
  3011 | D:3      | Reached skill level 1 in Fire Magic
  3011 | D:3      | Reached skill level 1 in Ice Magic
  3011 | D:3      | Reached skill level 1 in Air Magic
  3011 | D:3      | Reached skill level 1 in Earth Magic
  3011 | D:3      | Reached skill level 1 in Poison Magic
  3033 | D:3      | Reached XP level 5. HP: 36/47 MP: 6/6
  3033 | D:3      | Reached ** piety under Trog
  3679 | D:3      | Identified the +3 ring mail of Uxiot {Str+4}
  4038 | D:3      | You fall into a shaft and drop 1 floor!
  4054 | D:4      | Reached XP level 6. HP: 49/53 MP: 8/8
  4088 | D:4      | Found a large runed translucent door.
  4088 | D:4      | Found a large runed translucent door.
  4128 | D:4      | Reached skill level 5 in Armour
  4128 | D:4      | Reached skill level 5 in Dodging
  4199 | D:4      | Found a burning altar of Makhleb.
  4218 | D:4      | Reached XP level 7. HP: 59/59 MP: 8/10
  4637 | D:4      | Noticed Ijyb
  4655 | D:4      | Paralysed by Ijyb for 6 turns
  4669 | D:4      | Killed Ijyb
  5196 | D:4      | Found a hide-covered altar of Uskayaw.
  5257 | D:4      | Found an iron altar of Okawaru.
  5272 | D:4      | Found a sparkling altar of Nemelex Xobeh.
  5566 | D:5      | Entered Level 5 of the Dungeon
  5596 | D:5      | Reached XP level 8. HP: 14/67 MP: 12/12
  6012 | D:5      | Found a glowing golden altar of the Shining One.
  6024 | D:5      | Found a snail-covered altar of Cheibriados.
  6120 | D:5      | Noticed Sigmund
  6131 | D:5      | Killed Sigmund
  6159 | D:5      | You fall into a shaft and drop 3 floors!
  6159 | D:8      | Noticed a yak
  6159 | D:8      | Noticed a yak
  6159 | D:8      | Noticed a yak
  6159 | D:8      | Noticed a yak
  6165 | D:8      | Killed a yak
  6169 | D:8      | Killed a yak
  6174 | D:8      | Killed a yak
  6180 | D:8      | Killed a yak
  6181 | D:8      | Reached XP level 9. HP: 27/73 MP: 14/14
  6508 | D:8      | Found a runed translucent door.
  6721 | D:8      | Noticed a polar bear
  6721 | D:8      | Identified the +1 spear of Bequeathed Defence {distort,
                  | Str+2 Int+4}
  6721 | D:8      | Noticed snackwell's ghost (novice BaMo)
  7474 | D:9      | Found a staircase to the Lair.
  8395 | D:8      | Slain by a spriggan

Illustrated notes

Levels and vault maps discovered:
D:1:      dpeg_chamrin_arrival_tetris, layout_loops_corners,
          shapermc_ecumenical_altar_petra, st_stairs_12,
          minmay_misc_feat_diagonals
D:2:      layout_rooms, basic_altar
D:3:      minmay_chambers_of_twos, layout_rooms, nicolae_ashenzari_skybound,
          dk_noncrumbling_2, uniq_terence
D:4:      dreamdust_elfheim, layout_cave_pools, old_standard_altar,
          jmf_multi_god_temple2, marbit_many_paths,
          ebering_dispersal_statue_hall, guppyfry_early_lair_pool, uniq_ijyb
D:5:      layout_rooms, tso_oasis_becter, slow_altar_2, uniq_sigmund
D:8:      layout_loops_ring, ebering_ghost_funeral_grove,
          chequers_serial_rivers_large_a
D:9:      layout_cross, yredelemnul_forgotten_temple_becter,
          mainiacjoe_overflow_concentric_impassable, serial_shops,
          nicolae_lakefront_shop, minmay_misc_feat_four_crosses,
          minmay_crystal_room

Skill      XL: |  1  2  3  4  5  6  7  8  9 |
---------------+----------------------------+-----
Invocations    | 1 2 3 4 |  4.8
Short Blades   | 1 2 3 4 |  4.4
Long Blades    | 1 2 3 4 |  4.4
Maces & Flails | 1 2 3 4 |  4.4
Polearms       | 1 2 3 4 |  4.4
Staves         | 1 2 3 4 |  4.4
Slings         | 1 2 3 4 |  4.4
Bows           | 1 2 3 4 |  4.4
Crossbows      | 1 2 3 4 |  4.4
Throwing       | 1 2 3 4 |  4.4
Stealth        | 1 2 3 4 |  4.4
Shields        | 1 2 3 4 |  4.4
Unarmed Combat | 1 2 3 4 |  4.4
Spellcasting   | 1 2 3 4 |  4.4
Evocations     | 1 2 3 4 |  4.4
Conjurations   | 1 2 3 |  3.6
Hexes          | 1 2 3 |  3.6
Summonings     | 1 2 3 |  3.6
Necromancy     | 1 2 3 |  3.6
Translocations | 1 2 3 |  3.6
Transmutations | 1 2 3 |  3.6
Fire Magic     | 1 2 3 |  3.6
Ice Magic      | 1 2 3 |  3.6
Air Magic      | 1 2 3 |  3.6
Earth Magic    | 1 2 3 |  3.6
Poison Magic   | 1 2 3 |  3.6
Armour         | 5 6 |  6.4
Dodging        | 5 6 |  6.4
Fighting       | 7 8 |  8.0
Axes           | 7 8 |  8.0

Action                   |  1- 3 |  4- 6 |  7- 9 || total
-------------------------+-------+-------+-------++-------
Melee: Hand axe          |    89 |   133 |    75 ||   297
       Bite              |     5 |    13 |    11 ||    29
       Trident           |       |       |    84 ||    84
       War axe           |       |       |    25 ||    25
Throw: Stone             |       |     1 |    24 ||    25
       Dart              |       |       |     4 ||     4
Invok: Berserk           |     2 |     2 |     7 ||    11
       Trog's Hand       |       |       |     2 ||     2
Evoke: Wand              |       |       |     5 ||     5
  Use: Scroll            |       |     5 |     4 ||     9
       Potion            |       |       |     3 ||     3
 Stab: Sleeping          |     1 |       |     1 ||     2
Armor: Animal skin       |     9 |       |       ||     9
       Chain mail        |       |    46 |       ||    46
       Ring mail         |       |    20 |    42 ||    62
       Skin              |       |       |    23 ||    23
       Scale mail        |       |       |    36 ||    36
Dodge: Dodged            |    47 |    40 |   130 ||   217
Block: Buckler           |     1 |    19 |    25 ||    45

Table legend: (Time is in decaauts)
 A = Elapsed time spent in this place.
 B = Non-inter-level travel time spent in this place.
 C = Inter-level travel time spent in this place.
 D = Time resting spent in this place.
 E = Time spent auto-exploring this place.
 F = Levels seen in this place.
 G = Mean time per level.
                   A        B        C        D        E       F      G
               +--------+--------+--------+--------+--------+-----+--------+
         Total |   8528 |   6831 |   1697 |   2143 |   3500 |   7 | 1218.3 |
       Dungeon |   8528 |   6831 |   1697 |   2143 |   3500 |   7 | 1218.3 |
               +--------+--------+--------+--------+--------+-----+--------+

Top non-repeatable levels by time:
     D:1: 2153 daAuts
     D:8: 1978 daAuts
     D:4: 1547 daAuts
     D:3: 1165 daAuts
     D:2: 747 daAuts
     D:5: 618 daAuts
     D:9: 317 daAuts
